 Dungeon Crawl Stone Soup version 0.28-a0-474-g535839065c (webtiles) character file.

Game seed: 14319211711111827295

1 siradein the Shield-Bearer (level 1, -3/14 HPs)
             Began as a Gargoyle Fighter on Sept 16, 2021.
             Slain by a quokka (4 damage)
             ... on level 1 of the Dungeon.
             The game lasted 00:00:16 (60 turns).

siradein the Shield-Bearer (Gargoyle Fighter)         Turns: 60, Time: 00:00:16

Health: -3/14      AC:  9    Str: 19    XL:     1   Next: 20%
Magic:  1/1        EV:  9    Int:  8    God:
Gold:   0          SH:  4    Dex:  9    Spells: 0/0 levels left

rFire   . . .      SeeInvis .   a - +0 trident
rCold   . . .      Faith    .   c - +0 buckler
rNeg    + . .      Spirit   .   b - +0 scale mail
rPois   ∞          Reflect  .   (no helmet)
rElec   +          Harm     .   (no cloak)
rCorr   .          Rampage  .   (no gloves)
Will    .....                   (no boots)
Stlth   ..........              (no amulet)
HPRegen 0.04/turn               (no ring)
MPRegen 0.07/turn               (no ring)

@: no status effects
A: sickness immunity, AC +2, negative energy resistance 1, electricity
resistance, torment resistance 1, petrification resistance
a: no special abilities


You were on level 1 of the Dungeon.
You visited 1 branch of the dungeon, and saw 1 of its levels.

Inventory:

Hand Weapons
 a - a +0 trident (weapon)
Armour
 b - a +0 scale mail (worn)
 c - a +0 buckler (worn)
Scrolls
 e - a scroll of noise {unknown}
Potions
 d - a potion of might


   Skills:
 + Level 3.3 Fighting
 + Level 1.8 Polearms
 + Level 3.3 Armour
 + Level 3.3 Shields


You couldn't memorise any spells.
You didn't know any spells.
Your spell library was empty.

Dungeon Overview and Level Annotations

Branches:
Dungeon (1/15)

Altars:


Innate Abilities, Weirdness & Mutations

You are immune to sickness and miasma.
Your stone body is resilient. (AC +2)
You are immune to poison.
You resist negative energy. (rN+)
You are resistant to electric shocks. (rElec)
You are resistant to unholy torment.
You are immune to petrification.


Message History

You are too injured to fight recklessly!
You are too injured to fight recklessly!
You escape the ball python's grasp.
A quokka comes into view.
You hit the ball python.
The ball python is severely wounded.
You block the ball python's attack. The ball python grabs you.
The ball python constricts you. The ball python barely misses you.
The ball python constricts you.
You hit the ball python but do no damage.
The ball python is severely wounded.
You block the ball python's attack. The ball python constricts you.
The quokka barely misses you.
You hit the ball python.
You kill the ball python!
The quokka closely misses you.
You hit the kobold but do no damage. The kobold hits you with a +0 dagger.
The quokka bites you but does no damage.
The kobold barely misses you.
You barely miss the kobold. The quokka barely misses you.
The kobold closely misses you. The quokka barely misses you.
You closely miss the kobold. The quokka barely misses you.
The kobold misses you.
You closely miss the quokka. The quokka closely misses you.
The kobold hits you but does no damage.
The quokka bites you but does no damage.
You hit the quokka.
The quokka is severely wounded.
The kobold hits you but does no damage.
The quokka bites you but does no damage.
You completely miss the quokka.
The quokka is severely wounded.
The quokka bites you but does no damage.
The kobold hits you but does no damage. The kobold barely misses you.
The quokka bites you.
* * * LOW HITPOINT WARNING * * *
You closely miss the quokka.
The quokka is severely wounded.
The quokka bites you.
You die...

##.# #..# ##..#
#...# #.#.# ##
#(#.# .. #.#.#
#.###### #.#.#
#.r@K..###.#.#
.....#####..##.#.##
..##......#.......#
##....K##...#..#
#.....##.###..#
#.....##.# .#
#........# ..
#.....#### ..
#.....# ...


You could see a quokka and a kobold.

Vanquished Creatures
  A ball python (D:1)
1 creature vanquished.

Notes
Turn   | Place    | Note
-------+----------+-------------------------------------------
     0 | D:1      | siradein the Gargoyle Fighter began the quest for the Orb.
     0 | D:1      | Reached XP level 1. HP: 14/14 MP: 1/1
    60 | D:1      | Slain by a quokka

Illustrated notes

Levels and vault maps discovered:
D:1:      saegor_arrival_simple_a, layout_rooms,
          ebering_ecumenical_altar_petrified

Action                   || total
-------------------------++-------
Melee: Trident           ||    17
Armor: Scale mail        ||    13
Dodge: Dodged            ||    16
Block: Buckler           ||     6

Table legend: (Time is in decaauts)
 A = Elapsed time spent in this place.
 B = Non-inter-level travel time spent in this place.
 C = Inter-level travel time spent in this place.
 D = Time resting spent in this place.
 E = Time spent auto-exploring this place.
 F = Levels seen in this place.
 G = Mean time per level.
                   A        B        C        D        E       F      G
               +--------+--------+--------+--------+--------+-----+--------+
         Total |     63 |     63 |      0 |      0 |     35 |   1 |   63.0 |
       Dungeon |     63 |     63 |      0 |      0 |     35 |   1 |   63.0 |
               +--------+--------+--------+--------+--------+-----+--------+

Top non-repeatable levels by time:
     D:1: 63 daAuts
